Map: Golden Wall LE

Players

soO - Winner!

  • Race: Zerg Zerg
  • Spawn Location: 7:00

AgoElazer (Elazer)

  • Race: Zerg Zerg
  • Spawn Location: 5:00

Event: Shopify TSL 5

VOD

Have the link to the VOD?

Description

Time

  • Played on: May 31, 2020, 9:50 a.m.
  • Length: 10:30

All games in this series

Show
View Real Time Build Order
Export as new Build Order

soO Zerg - Winner!

Build Orders: Pool First 

Get SALT Encoding   

  12  0:00  Drone  
  13  0:14  Extractor  
  12  0:24  Spawning Pool  
  11  0:28  Drone  
  11  0:34  Drone  
  13  0:38  Drone  
  14  0:49  Overlord  
  14  1:10  Queen  
  17  1:11  Zergling x2  
  17  1:17  Metabolic Boost  
  17  1:21  Zergling x2  
  17  1:24  Zergling x2  
  19  1:29  Zergling x2  
  20  1:36  Zergling x2  
  21  1:44  Overlord  
  21  1:56  Zergling x2  
  22  2:11  Zergling x2  
  23  2:19  Zergling x8  
  27  2:29  Hatchery  
  27  2:30  Zergling x2  
  27  2:40  Zergling x2  
  27  2:53  Zergling x4  
  27  2:57  Overlord  
  29  3:15  Queen  
  29  3:16  Drone  
  29  3:17  Drone x2  
  34  3:34  Drone  
  36  3:41  Drone  
  36  3:42  Spine Crawler  
  36  3:43  Queen  
  36  3:47  Drone  
  38  3:55  Baneling Nest  
  38  3:58  Drone  
  38  4:03  Drone  
  38  4:06  Drone  
  40  4:10  Drone  
  40  4:13  Drone  
  40  4:15  Overlord  
  43  4:19  Drone  
  44  4:30  Overlord  
  44  4:37  Drone x4  
  48  4:39  Drone  
  48  4:45  Lair  
  49  4:49  Extractor, Drone  
  49  4:52  Drone  
  50  4:55  Drone  
  51  5:01  Drone x2  
  51  5:02  Drone  
  51  5:06  Overlord  
  54  5:08  Drone  
  54  5:12  Drone  
  56  5:15  Drone x2  
  56  5:19  Drone x2  
  60  5:24  Extractor  
  60  5:25  Extractor  
  60  5:28  Drone x2  
  60  5:29  Drone  
  60  5:35  Drone  
  62  5:36  Overlord  
  62  5:44  Drone  
  62  5:45  Spire  
  62  5:47  Drone  
  63  5:51  Overseer  
  63  5:54  Drone  
  64  5:57  Drone  
  64  5:58  Drone  
  66  6:06  Zergling x2  
  66  6:07  Zergling x2  
  68  6:11  Overlord  
  68  6:21  Spine Crawler, Hatchery  
  68  6:25  Drone x2  
  67  6:27  Drone, Overlord  
  67  6:32  Baneling x2  
  68  6:35  Overlord  
  61  6:57  Baneling x2, Mutalisk x2  
  61  6:58  Mutalisk x5  
  71  7:09  Mutalisk  
  71  7:10  Zergling x10  
  77  7:17  Mutalisk  
  79  7:25  Drone  
  79  7:28  Evolution Chamber  
  79  7:30  Roach Warren  
  79  7:33  Drone x3  
  81  7:39  Drone x4  
  81  7:43  Overlord  
  85  7:49  Overlord  
  85  7:51  Drone x4  
  88  7:54  Zerg Missile Weapons Level 1, Overlord  
  88  7:57  Extractor  
  88  8:01  Overlord  
  88  8:04  Overseer  
  88  8:07  Overlord  
  88  8:09  Drone  
  88  8:11  Glial Reconstitution  
  91  8:13  Roach x4  
  91  8:16  Roach x3  
  91  8:18  Overlord  
  103  8:21  Extractor  
  103  8:22  Drone x2  
  103  8:23  Drone  
  103  8:26  Overseer  
  105  8:32  Roach x2  
  105  8:33  Roach x2  
  115  8:41  Roach x4  
  115  8:45  Drone x4  
  115  8:46  Drone  
  126  8:49  Roach x2  
  130  8:57  Overlord x2  
  130  8:58  Overlord  
  130  9:00  Overlord  
  130  9:04  Roach  
  130  9:05  Overlord  
  130  9:06  Roach x3  
  136  9:10  Overlord  
  136  9:13  Overlord  
  136  9:17  Ravager x6  
  137  9:21  Roach  
  137  9:22  Roach  
  137  9:23  Roach x2  
  150  9:24  Roach  
  150  9:27  Roach  
  150  9:30  Ravager x3  
  153  9:32  Roach x2  
  157  9:38  Ravager  
  157  9:41  Roach x3  
  160  9:49  Roach  
  160  9:50  Roach x4  
  167  9:56  Roach x3  
  173  10:04  Roach x5  
  183  10:10  Roach x4  
Show
View Real Time Build Order
Export as new Build Order

AgoElazer Zerg 

Build Orders: Hatch First 

Get SALT Encoding   

  12  0:00  Drone  
  13  0:12  Overlord  
  13  0:17  Drone  
  14  0:30  Drone x2  
  16  0:49  Hatchery  
  15  0:52  Drone  
  15  0:55  Drone  
  17  0:58  Drone  
  18  1:08  Extractor  
  17  1:14  Spawning Pool  
  17  1:17  Drone  
  17  1:20  Drone  
  18  1:28  Drone  
  19  1:38  Drone  
  20  1:49  Drone  
  21  2:00  Queen  
  21  2:01  Queen, Drone, Overlord  
  26  2:08  Metabolic Boost  
  26  2:14  Zergling x4  
  28  2:20  Spine Crawler  
  27  2:26  Zergling x2  
  27  2:27  Zergling x2  
  29  2:34  Zergling x2  
  25  2:45  Baneling Nest  
  25  2:46  Zergling x2  
  22  3:03  Queen  
  22  3:04  Overlord  
  22  3:10  Zergling x2  
  22  3:11  Zergling x2  
  24  3:17  Overlord  
  24  3:21  Drone  
  25  3:31  Baneling x2  
  25  3:32  Drone  
  26  3:36  Zergling x2  
  27  3:42  Queen  
  29  3:50  Drone  
  29  3:52  Baneling  
  29  3:55  Zergling x2  
  31  4:12  Hatchery  
  31  4:14  Drone  
  31  4:18  Drone  
  32  4:24  Drone  
  32  4:30  Drone  
  34  4:35  Drone x3  
  38  4:45  Drone  
  38  4:52  Drone  
  38  5:00  Roach Warren  
  38  5:02  Drone x2  
  38  5:04  Drone x2  
  41  5:14  Overlord  
  41  5:19  Lair  
  41  5:26  Drone x2  
  43  5:34  Drone  
  44  5:36  Drone  
  44  5:39  Drone x3  
  48  5:47  Drone  
  48  5:49  Drone  
  50  5:50  Evolution Chamber  
  50  5:51  Extractor  
  50  5:56  Drone x3  
  51  6:00  Extractor, Drone x2  
  52  6:07  Drone x3  
  52  6:09  Queen  
  57  6:17  Drone  
  58  6:20  Overseer  
  58  6:27  Hatchery  
  58  6:30  Zerg Missile Weapons Level 1, Glial Reconstitution  
  57  6:33  Overlord  
  57  6:37  Roach  
  59  6:49  Overlord  
  57  6:55  Drone x10  
  67  7:03  Queen, Overlord  
  67  7:07  Overlord  
  66  7:11  Queen  
  61  7:17  Drone, Spore Crawler  
  61  7:18  Drone, Spore Crawler  
  61  7:24  Drone  
  61  7:26  Drone, Spore Crawler  
  61  7:27  Drone x2  
  61  7:28  Drone  
  65  7:30  Drone  
  66  7:39  Spore Crawler  
  66  7:40  Queen  
  66  7:43  Queen  
  69  7:47  Queen  
  71  8:00  Roach x5  
  81  8:07  Overlord  
  81  8:16  Overlord  
  81  8:20  Overlord x3  
  81  8:24  Zerg Ground Armor Level 1  
  81  8:25  Queen x2  
  81  8:27  Roach  
  87  8:31  Roach  
  89  8:35  Roach x4  
  89  8:41  Roach x3  
  102  8:45  Roach x2  
  106  8:50  Overlord  
  106  8:52  Roach x3  
  112  8:57  Roach x3  
  112  9:01  Queen  
  120  9:08  Queen x2  
  124  9:15  Roach x3  
  129  9:32  Overlord x2  
  126  9:40  Queen  
  126  9:42  Overlord  
  128  9:45  Roach  
  128  9:46  Roach  
  128  9:51  Roach x9  
  144  9:53  Ravager  
  144  9:54  Ravager  
  146  10:03  Ravager x7  
Tags
 
Add a new tag
Caveats
  • Supply blocks, unpowered buildings, or Contaminate may cause inaccurate times.
  • Supply counts are checked every 10 seconds.